 Dungeon Crawl Stone Soup version 0.19-a0-860-g5c370dd (webtiles) character file.

108824 st0uf the Nimble (level 16, -5/132 HPs)
             Began as a Black Draconian Fire Elementalist on June 30, 2016.
             Was the Champion of Hepliaklqana.
             Slain by a dire flail of holy wrath (21 damage)
             ... on level 1 of the Elven Halls on July 2, 2016.
             The game lasted 05:23:33 (39530 turns).

st0uf the Nimble (DrFE)                            Turns: 39530, Time: 05:23:33

Health: -5/132     AC: 16    Str: 25    XL:     16   Next: 3%
Magic:  0/32       EV: 14    Int: 18    God:    Hepliaklqana [******]
Gold:   2086       SH:  7    Dex: 12    Spells: 10 memorised, 4 levels left

rFire  . . .     SeeInvis .       - Unarmed
rCold  . . .     Gourm    .     (armour unavailable)
rNeg   . . .     Faith    +     Z - +2 buckler {AC+3}
rPois  .         Spirit   +     s - +0 hat {Spirit}
rElec  +         Dismiss  .     k - +2 cloak "Afaquq" {rCorr Str+5}
rCorr  +         Reflect  .     (no gloves)
SustAt .         Harm     .     W - +0 pair of boots
MR     +....                    G - amulet of faith
Stlth  +++.......               E - +3 ring of strength
                                w - +3 ring of slaying

@: repel missiles, somewhat resistant to hostile enchantments, fairly stealthy
A: breathe lightning, unfitting armour, big wings, stinger 1, electricity
resistance, strong 1, cold-blooded, AC +9
a: Breathe Lightning, Fly, Recall Ancestor, Ancestor Identity, Transference,
Idealise, Renounce Religion


You were on level 1 of the Elven Halls.
You worshipped Hepliaklqana.
Hepliaklqana was exalted by your worship.
You were hungry.

You visited 5 branches of the dungeon, and saw 25 of its levels.
You visited 1 bazaar.
You also visited: Labyrinth, Sewer, Ossuary and Ice Cave.

You collected 2898 gold pieces.
You spent 812 gold pieces at shops.

Inventory:

Armour
 k - the +2 cloak "Afaquq" (worn) {rCorr Str+5}
   (You bought it in a shop in a bazaar)

   It affects your strength (+5).
   It protects you from acid and corrosion.
 s - a +0 hat of spirit shield (worn)
 W - a +0 pair of boots (worn)
 Z - a +2 buckler of protection (worn)
Jewellery
 a - an uncursed ring of ice
 p - an uncursed ring of flight
 w - a +3 ring of slaying (left hand)
 E - a +3 ring of strength (right hand)
 G - an amulet of faith (around neck)
 I - an uncursed ring of protection from fire
 M - an uncursed ring of fire
 R - an uncursed ring of protection from fire
 U - an uncursed ring of sustain attributes
Wands
 e - a wand of random effects (19/48)
 K - a wand of digging (0/24)
 Q - a wand of lightning (5/15)
 Y - a wand of disintegration (16/24)
Scrolls
 c - a scroll of brand weapon
 f - 4 scrolls of enchant weapon
 h - a scroll of blinking
 l - 3 scrolls of amnesia
 m - 22 scrolls of remove curse
 n - 3 scrolls of teleportation
 x - 9 scrolls of identify
 y - 2 scrolls of fog
 H - 2 scrolls of magic mapping
 N - a scroll of summoning
 O - a scroll of silence
Potions
 d - 3 potions of lignification
 g - a potion of haste
 i - 4 potions of berserk rage
 j - 8 potions of agility
 o - 12 potions of curing
 q - a potion of cancellation
 t - 2 potions of brilliance
 z - 4 potions of flight
 A - 5 potions of heal wounds
 B - a potion of ambrosia
 C - 2 potions of resistance
 J - 6 potions of might
 P - a potion of cure mutation
Books
 r - a book of Maledictions

   Spells                             Type                      Level
   a - Corona                         Hexes                        1
   b - Ensorcelled Hibernation        Hexes/Ice                    2
   c - Confuse                        Hexes                        3
   d - Tukima's Dance                 Hexes                        3
   e - Dazzling Spray                 Conjuration/Hexes            3
 v - a book of the Sky

   Spells                             Type                      Level
   a - Summon Lightning Spire         Summoning/Air                4
   b - Airstrike                      Air                          4
   c - Silence                        Hexes/Air                    5
   d - Deflect Missiles               Charms/Air                   6
   e - Conjure Ball Lightning         Conjuration/Air              6
   f - Tornado                        Air                          9
 L - a book of Ice

   Spells                             Type                      Level
   a - Ice Form                       Ice/Transmutation            4
   b - Metabolic Englaciation         Hexes/Ice                    5
   c - Ozocubu's Refrigeration        Ice                          6
   d - Bolt of Cold                   Conjuration/Ice              6
   e - Freezing Cloud                 Conjuration/Ice/Air          6
   f - Simulacrum                     Ice/Necromancy               6
Comestibles
 b - 10 bread rations
 u - 6 meat rations
 D - 3 beef jerkies
 F - 2 chunks of flesh


   Skills:
 + Level 9.2 Fighting
 + Level 12.0 Dodging
 + Level 7.2 Stealth
 - Level 5.0 Shields
 + Level 10.6 Unarmed Combat
 + Level 12.0 Spellcasting
 + Level 11.4 Conjurations
 + Level 1.3 Summonings
 - Level 7.5 Fire Magic
 + Level 9.6 Air Magic
 - Level 4.1 Poison Magic
 * Level 5.1 Invocations
 + Level 0.6 Evocations


You had 4 spell levels left.
You knew the following spells:

 Your Spells              Type           Power        Failure   Level  Hunger
a - Flame Tongue          Conj/Fire      #####        1%          1    None
b - Conjure Flame         Conj/Fire      #####...     1%          3    None
c - Sticky Flame          Conj/Fire      #####...     1%          4    ##.....
d - Static Discharge      Conj/Air       #####...     1%          3    None
e - Repel Missiles        Chrm/Air       ####..       1%          2    None
f - Mephitic Cloud        Conj/Pois/Air  #####...     1%          3    None
g - Lightning Bolt        Conj/Air       #####.....   2%          5    ####...
h - Airstrike             Air            #####.....   1%          4    ##.....
i - Conjure Ball Lightni  Conj/Air       #####.....   14%         6    ######.
j - Summon Lightning Spi  Summ/Air       ####....     10%         4    ##.....


Dungeon Overview and Level Annotations

Branches:
Dungeon (15/15)            Temple (1/1) D:5            Lair (6/6) D:9
  Swamp (0/4) Lair:4        Snake (0/4) Lair:3        Slime (0/5) Lair:5
    Orc (2/2) D:11            Elf (1/3) Orc:2        Vaults (0/5) D:13
 Depths (0/5) D:15

Altars:
Ashenzari
Cheibriados
Dithmenos
Elyvilon
Fedhas
Gozag
Hepliaklqana
Kikubaaqudgha
Makhleb
Nemelex Xobeh
Okawaru
Pakellas
Qazlal
Ru
Sif Muna
Trog
Uskayaw
Vehumet
Xom
Yredelemnul
Zin
The Shining One

Shops:
D:6 }   D:7 ?   D:9 (   D:10 ?   D:13 :   D:14 ?(   Orc:1 *(%   Orc:2 *(*}

Annotations:
D:4 exclusion: oklob plant


Innate Abilities, Weirdness & Mutations

You can breathe wild blasts of lightning.
Your glossy black scales are hard. (AC +9)
Your body does not fit into most forms of armour.
Your large and strong wings let you fly indefinitely.
You are resistant to electric shocks. (rElec)
You are cold-blooded and may be slowed by cold attacks.
Your tail ends in a poisonous barb.
Your muscles are strong. (Str +2)


Message History

You can't see any susceptible monsters within range! (Use Z to cast anyway.)
Casting: Summon Lightning Spire
Confirm with . or Enter, or press ? or * to list all spells.
Aiming: Mephitic Cloud
Press: ? - help, Shift-Dir - straight line The ball explodes into a vile cloud!
The stinking cloud engulfs something.
Something hits you but does no damage. The dire flail of holy wrath hits you!!
* * * LOW HITPOINT WARNING * * *
You see here a long sword.
You feel much better.
The dire flail of holy wrath hits you but does no damage.
The dire flail of holy wrath barely misses you.
There is a huge open gate here.
The dire flail of holy wrath hits you but does no damage.
There is a staircase back to the Mines here.
Kury emerges from the mists of memory!
The dire flail of holy wrath hits you!
* * * LOW HITPOINT WARNING * * *
The dire flail of holy wrath hits you!!
You die...

#...#.........#.#
#.......)......##########
#...#.....)...#.#........#
###.
#...(.))..#.(.....##.# .##
#.8..).)8.###.###.##.# ..
#....)....# #.# #.##.. .
###'''''### #.###....(
#..(R.# #........# #..@..#
########## #.....# #.....#
##...## #####


You could see the friendly Kury the knight (wandering) and a dire flail of holy
wrath.

Vanquished Creatures
  Frances (D:13)
  Gastronok (Lair:3)
  Maud (Lair:2)
  A fire giant (D:15)
  Snorg (Lair:3)
  Fannar (Lair:2)
  6 hydras
  An ice dragon (IceCv)
  An ogre mage (D:15)
  6 death yaks
  2 centaur warriors (D:13)
  2 catoblepae
  2 orc high priests (Orc:2)
  A tengu warrior (D:14)
  Urug (Lair:1)
  4 deep elf knights
  A skeletal warrior (D:15)
  An unseen horror (D:12)
  2 orc knights
  8 deep elf magi
  A wizard (D:14)
  7 hill giants
  3 ugly things
  The ghost of Bodrick the Covert, a novice VSBe of Trog (D:6)
  A griffon (Lair:6)
  3 orc sorcerers (Orc:2)
  12 elephants
  A black mamba (Lair:5)
  A gargoyle (D:11)
  Maurice (D:9)
  2 ice statues (IceCv)
  3 spiny frogs (Lair:6)
  A kobold demonologist (D:13)
  A freezing wraith (D:15)
  4 komodo dragons
  2 rime drakes
  2 tengu conjurers
  A meliai (D:12)
  3 polar bears
  7 trolls
  A two-headed ogre (D:15)
  3 slime creatures (D:14)
  18 blink frogs
  2 wraiths
  6 wyverns
  10 spriggans
  A shadow (D:15)
  6 humans (D:13)
  13 yaks
  5 basilisks
  2 hungry ghosts
  3 wargs
  11 hippogriffs
  A naga (Lair:2)
  A mottled dragon (D:15)
  6 water moccasins
  A hell hound (D:13)
  17 orc warriors
  6 porcupines
  8 ice beasts
  5 sky beasts
  3 black bears
  A necrophage (D:9)
  18 wolves
  3 wasps
  7 ogres
  6 boggarts
  7 centaurs
  12 crocodiles
  5 giant frogs
  3 big kobolds
  A wyvern zombie (D:14)
  A wyvern skeleton (D:10)
  4 scorpions
  4 killer bees
  A wight (D:8)
  The ghost of Amnesiac the Slasher, a weakling DsGl (D:3)
  3 howler monkeys
  2 electric eels
  2 crimson imps
  3 centaur zombies
  8 hounds
  A quasit (D:8)
  2 centaur skeletons
  15 orc priests
  Crazy Yiuf (D:3)
  3 giant frog skeletons
  6 iguanas
  3 knights
  24 orc wizards
  5 worker ants
  Terence (D:3)
  15 sheep
  A killer bee zombie (D:5)
  A hound zombie (D:5)
  A howler monkey zombie (D:8)
  2 mummies (Ossuary)
  A howler monkey skeleton (D:7)
  16 adders
  8 gnolls
  37 river rats
  2 shadow imps
  4 oozes
  An adder skeleton (D:4)
  4 dart slugs
  7 giant geckos
  50 orcs
  5 giant cockroaches
  6 goblins
  5 hobgoblins
  21 jackals
  23 kobolds
  3 quokkas
  5 ball pythons
  13 bats
  6 giant newts
  2 goblin zombies (Ossuary)
  A hobgoblin zombie (Ossuary)
  5 kobold zombies (Ossuary)
  A quokka skeleton (D:6)
  23 rats
  2 fungi
654 creatures vanquished.

Vanquished Creatures (collateral kills)
  Rupert (Lair:3)
  A minotaur (Lab)
  Harold (Lair:3)
  An ice dragon (IceCv)
  A hydra (D:13)
  A catoblepas (D:13)
  Erica (Orc:1)
  3 death yaks
  2 centaur warriors
  A deep elf knight (Elf:1)
  An unseen horror (D:13)
  2 hill giants
  A wolf spider zombie (D:15)
  2 orc knights
  An orc sorcerer (Orc:2)
  5 deep elf magi
  A manticore (D:13)
  4 ugly things (D:14)
  3 cyclopes
  5 elephants
  2 centaur zombies
  3 rime drakes
  A komodo dragon (Lair:6)
  A minotaur zombie (Lab)
  A troll (D:14)
  The ghost of Tungsten the Conjurer, a novice DECj of Vehumet (D:5)
  2 meliai
  A polar bear (Lair:6)
  2 two-headed ogres (D:13)
  A meliai zombie (D:15)
  3 blink frogs
  A slime creature (D:14)
  A redback (Lair:6)
  6 spriggans
  2 wyverns
  10 humans
  A wraith (D:13)
  Grum (D:9)
  10 yaks
  4 hungry ghosts
  3 basilisks
  14 hippogriffs
  A naga (Lair:3)
  3 wargs (D:12)
  A hell hound (D:14)
  The ghost of Bodrick the Sneak, an amateur VSBe of Trog (D:4)
  8 water moccasins
  3 porcupines
  10 orc warriors
  10 ice beasts
  3 sky beasts
  2 black bears
  5 ogres
  2 boggarts (Lair:6)
  A phantom (D:6)
  A wasp (Lair:6)
  3 centaurs
  7 wolves
  5 crocodiles
  8 giant frogs
  2 big kobolds
  A wyvern zombie (D:8)
  A scorpion (D:8)
  6 killer bees
  A howler monkey (D:8)
  2 wights (D:8)
  2 crimson imps
  3 jellies
  A quasit (D:10)
  8 orc priests
  A hound (D:10)
  4 iguanas
  13 orc wizards
  3 worker ants
  4 sheep
  A mummy (Ossuary)
  A worker ant zombie (D:11)
  6 adders
  3 gnolls (D:4)
  27 river rats
  2 oozes (Lair:5)
  An adder zombie (D:7)
  A worm (D:4)
  A giant gecko (D:5)
  20 orcs
  2 giant cockroaches
  A gnoll zombie (Ossuary)
  A goblin (D:2)
  A hobgoblin (D:2)
  3 jackals (D:2)
  2 quokkas
  2 ball pythons (Sewer)
  2 goblin zombies (Ossuary)
  A hobgoblin zombie (Ossuary)
  A jackal zombie (D:3)
  8 kobolds
  A kobold zombie (Ossuary)
  8 rats
  A fungus (Lair:6)
  A plant (Lair:2)
333 creatures vanquished.

Vanquished Creatures (others)
  The ghost of Tungsten the Destroyer, a novice DECj (D:7)
  14 ball lightnings
  A blink frog (Lair:2)
  A yak (D:9)
  A crocodile (D:9)
  A giant frog skeleton (D:8)
  10 knights
  8 ancestors
  A bush (D:9)
  A butterfly (Lair:5)
  A fulminant prism (D:7)
  11 fungi
  13 plants
64 creatures vanquished.

Grand Total: 1051 creatures vanquished

Notes
Turn   | Place    | Note
-------+----------+-------------------------------------------
     0 | D:1      | st0uf the Draconian Fire Elementalist began the quest for the Orb.
     0 | D:1      | Reached XP level 1. HP: 14/14 MP: 3/3
   372 | D:1      | Reached XP level 2. HP: 20/20 MP: 1/5
  1150 | D:1      | Reached XP level 3. HP: 22/27 MP: 0/6
  1437 | D:2      | Learned a level 3 spell: Conjure Flame
  1915 | D:2      | Reached skill level 1 in Unarmed Combat
  1962 | D:2      | Reached XP level 4. HP: 34/34 MP: 3/7
  2709 | D:2      | Found a hazy altar of Hepliaklqana.
  2717 | D:2      | Became a worshipper of Hepliaklqana
  2848 | D:2      | Reached XP level 5. HP: 39/39 MP: 5/9
  3027 | D:3      | Noticed Amnesiac's ghost (weakling DsGl)
  3116 | D:3      | Reached skill level 1 in Fighting
  3241 | D:3      | Found a faded altar of an unknown god.
  3468 | D:3      | Found a glowing golden altar of the Shining One.
  3661 | D:3      | Noticed Terence
  3672 | D:3      | Killed Terence
  4165 | D:3      | Reached XP level 6. HP: 45/47 MP: 8/11
  4190 | D:3      | Found a runed door.
  4194 | D:3      | Noticed Crazy Yiuf
  4207 | D:3      | Killed Crazy Yiuf
  4439 | D:2      | Learned a level 4 spell: Sticky Flame
  4813 | D:3      | Killed Amnesiac's ghost
  5162 | D:4      | Noticed a sky beast
  5172 | D:4      | Killed a sky beast
  5172 | D:4      | Your scales start taking on a glossy black colour.
  5172 | D:4      | Reached XP level 7. HP: 44/52 MP: 8/12
  5172 | D:4      | Gained mutation: You are resistant to electric shocks. (rElec) [Black Draconian growth]
  5179 | D:4      | Reached * piety under Hepliaklqana
  5659 | D:4      | Found a white marble altar of Elyvilon.
  5850 | D:4      | Found a blossoming altar of Fedhas.
  5858 | D:4      | Noticed Bodrick's ghost (amateur VSBe)
  5864 | D:4      | Killed Bodrick's ghost
  5864 | D:4      | Reached skill level 5 in Fire Magic
  5865 | D:4      | Noticed an oklob plant
  6045 | D:5      | Entered Level 5 of the Dungeon
  6086 | D:5      | Reached XP level 8. HP: 61/61 MP: 9/14
  6125 | D:5      | Found a sand-covered staircase.
  6130 | Ossuary  | Entered an ossuary
  6965 | D:5      | Reached skill level 5 in Dodging
  7150 | D:5      | Noticed Tungsten's ghost (novice DECj)
  7442 | D:5      | Reached skill level 5 in Spellcasting
  7619 | D:5      | Found a hide-covered altar of Uskayaw.
  7684 | D:5      | Found a staircase to the Ecumenical Temple.
  7974 | Temple   | Entered the Ecumenical Temple
  7985 | Temple   | Reached ** piety under Hepliaklqana
  7986 | Temple   | Remembered your ancestor Kury as a knight
  8176 | D:6      | Found a glowing drain.
  8218 | Sewer    | Entered a sewer
  8262 | Sewer    | Reached XP level 9. HP: 68/68 MP: 11/16
  8838 | D:6      | Found a burning altar of Makhleb.
  8892 | D:6      | Learned a level 3 spell: Static Discharge
  8895 | D:6      | Learned a level 2 spell: Repel Missiles
  8899 | D:6      | Learned a level 3 spell: Mephitic Cloud
  8934 | D:6      | Found Fetemoraczo's Gadget Emporium.
  8983 | D:6      | Noticed Bodrick's ghost (novice VSBe)
  9070 | D:6      | Killed Bodrick's ghost
  9440 | D:5      | Killed Tungsten's ghost
  9821 | D:7      | Found Jemew's Magic Scroll Shoppe.
  9864 | D:7      | Bought a scroll of identify for 26 gold pieces
  9864 | D:7      | Bought a scroll of identify for 26 gold pieces
  9864 | D:7      | Bought a scroll of identify for 26 gold pieces
  9864 | D:7      | Bought a scroll of identify for 26 gold pieces
  9864 | D:7      | Bought a scroll of identify for 26 gold pieces
 10098 | D:7      | Noticed Tungsten's ghost (novice DECj)
 10210 | D:7      | Killed Tungsten's ghost
 10312 | D:8      | Reached skill level 5 in Conjurations
 10505 | D:8      | Reached XP level 10. HP: 78/78 MP: 15/19
 10893 | D:8      | Reached skill level 1 in Air Magic
 10940 | D:8      | Found a shadowy altar of Dithmenos.
 11136 | D:8      | Reached *** piety under Hepliaklqana
 11342 | D:9      | Found Liugiulo's Antique Weapon Boutique.
 11358 | D:9      | Noticed Grum
 11370 | D:9      | Reached skill level 1 in Poison Magic
 11382 | D:9      | Killed Grum
 11426 | D:9      | Found a staircase to the Lair.
 11469 | D:9      | Reached skill level 5 in Unarmed Combat
 11734 | D:9      | Reached skill level 5 in Stealth
 11771 | D:9      | Noticed Maurice
 11784 | D:9      | Killed Maurice
 11963 | D:9      | Found an oddly glowing altar of Pakellas.
 12240 | Lair:1   | Entered Level 1 of the Lair of Beasts
 12288 | Lair:1   | Reached XP level 11. HP: 76/85 MP: 11/21
 12457 | Lair:1   | Noticed Urug
 12903 | Lair:1   | Reached skill level 5 in Fighting
 13424 | Lair:1   | Killed Urug
 13917 | Lair:2   | Noticed a death yak
 13918 | Lair:2   | Noticed a death yak
 13918 | Lair:2   | Noticed a death yak
 13919 | Lair:2   | Noticed a death yak
 13932 | Lair:1   | Killed a death yak
 14110 | Lair:2   | Killed a death yak
 14147 | Lair:1   | Killed a death yak
 14390 | Lair:2   | Reached **** piety under Hepliaklqana
 14592 | Lair:2   | Noticed Fannar
 14602 | Lair:2   | Killed Fannar
 15360 | Lair:1   | Killed a death yak
 15902 | Lair:1   | Learned a level 5 spell: Lightning Bolt
 15902 | Lair:1   | Upgraded the game from 0.19-a0-831-gce7da8b to 0.19-a0-860-g5c370dd
 15989 | Lair:2   | Reached XP level 12. HP: 61/94 MP: 12/24
 16731 | Lair:3   | Noticed Maud
 16761 | Lair:2   | Killed Maud
 17055 | Lair:2   | Gained mutation: Your tail ends in a poisonous barb. [potion of beneficial mutation]
 17056 | Lair:2   | Gained mutation: Your muscles are strong. (Str +2) [potion of beneficial mutation]
 17060 | Lair:3   | Noticed Rupert
 17068 | Lair:3   | Noticed Snorg
 17071 | Lair:3   | Paralysed by Rupert for 3 turns
 17072 | Lair:3   | Noticed Gastronok
 17643 | Lair:2   | Noticed an eight-headed hydra
 17930 | Lair:2   | Killed an eight-headed hydra
 18181 | Lair:3   | Paralysed by Rupert for 4 turns
 18193 | Lair:3   | Paralysed by Rupert for 4 turns
 18257 | Lair:1   | Reached skill level 5 in Air Magic
 18594 | Lair:3   | Found a staircase to the Snake Pit.
 18647 | Lair:3   | Killed Rupert
 18730 | Lair:3   | Noticed Harold
 18774 | Lair:3   | Killed Harold
 19079 | Lair:3   | Killed Gastronok
 19280 | Lair:3   | Killed Snorg
 19354 | Lair:4   | Found a labyrinth entrance.
 19362 | Lab      | Entered a labyrinth
 19427 | Lab      | Reached ***** piety under Hepliaklqana
 19763 | Lab      | Noticed a minotaur
 19778 | Lab      | Killed a minotaur
 19785 | Lab      | Got a steaming diamond amulet
 20086 | Lair:4   | Identified a -1 rod of inaccuracy (10/10) (You found it in a labyrinth)
 20087 | Lair:4   | Identified a +3 rod of inaccuracy (11/11) (You found it in a labyrinth)
 20088 | Lair:4   | Identified a +1 rod of shadows (10/10) (You found it in a labyrinth)
 20090 | Lair:4   | Identified the amulet "Hogoan" {Faith *Corrode rElec MP+9 Int+3} (You found it in a labyrinth)
 20144 | Lair:4   | Found a staircase to the Swamp.
 20377 | Lair:4   | Reached XP level 13. HP: 91/104 MP: 21/26
 21020 | Lair:5   | Reached skill level 10 in Dodging
 21565 | Lair:5   | Found a staircase to the Slime Pits.
 22362 | Lair:3   | Reached skill level 10 in Spellcasting
 23136 | Lair:6   | Entered Level 6 of the Lair of Beasts
 23586 | Lair:6   | Found a frozen archway.
 23608 | IceCv    | Entered an ice cave
 24621 | IceCv    | Reached skill level 10 in Conjurations
 24776 | IceCv    | Got a flickering zirconium amulet
 24779 | IceCv    | Identified the amulet "Vummuive" {+Rage rN+ Int+7 Slay-3} (You found it in an ice cave)
 25818 | Lair:6   | Gained mutation: Your large and strong wings let you fly indefinitely. [Black Draconian growth]
 25818 | Lair:6   | Reached XP level 14. HP: 81/114 MP: 2/28
 26808 | Lair:6   | Reached ****** piety under Hepliaklqana
 27827 | D:10     | Entered Level 10 of the Dungeon
 27988 | D:10     | Found Penaeresch's Magic Scroll Emporium.
 27995 | D:10     | Bought a scroll of teleportation for 39 gold pieces
 27995 | D:10     | Bought a scroll of identify for 26 gold pieces
 27995 | D:10     | Bought a scroll of identify for 26 gold pieces
 27995 | D:10     | Bought a scroll of identify for 26 gold pieces
 27995 | D:10     | Bought a scroll of enchant armour for 97 gold pieces
 28247 | D:10     | Reached skill level 1 in Shields
 28281 | D:10     | Found an iron altar of Okawaru.
 29387 | D:11     | Found a staircase to the Orcish Mines.
 29395 | Orc:1    | Entered Level 1 of the Orcish Mines
 29419 | Orc:1    | Noticed Erica
 29472 | Orc:1    | Killed Erica
 29676 | Orc:1    | Found Imoi's Food Shop.
 29737 | Orc:2    | Entered Level 2 of the Orcish Mines
 29856 | Orc:2    | Paralysed by an orc sorcerer for 2 turns
 30363 | Orc:2    | Found a staircase to the Elven Halls.
 30540 | Orc:2    | Found Vaij's Antique Weapon Shoppe.
 30540 | Orc:2    | Found Diddus's Gadget Emporium.
 30544 | Orc:2    | Found Puucef's Assorted Antiques.
 30544 | Orc:2    | Found Tat Ahor's Assorted Antiques.
 31391 | Orc:1    | Found Laem's Weapon Boutique.
 31416 | Orc:1    | Found Kubress's General Store.
 31424 | Orc:1    | Bought a scroll of identify for 28 gold pieces
 31799 | D:12     | Found a flickering gateway to a bazaar.
 31805 | Bazaar   | Entered a bazaar
 31813 | Bazaar   | Found Cown's Gadget Shop.
 31824 | Bazaar   | Found Daorchon's Antique Armour Shop.
 31856 | Bazaar   | Bought an ichor-stained cloak for 408 gold pieces
 31856 | Bazaar   | Identified the +2 cloak "Afaquq" {rCorr Str+5} (You bought it in a shop in a bazaar)
 32450 | D:12     | Learned a level 4 spell: Airstrike
 32457 | D:12     | Learned a level 6 spell: Conjure Ball Lightning
 32462 | D:12     | Learned a level 4 spell: Summon Lightning Spire
 33001 | D:13     | Found a gate to the Vaults.
 33502 | D:13     | Reached XP level 15. HP: 123/123 MP: 28/30
 34750 | D:13     | Reached skill level 1 in Summonings
 34924 | D:13     | Found Bippaen's Book Boutique.
 35370 | D:14     | Noticed Frances
 35514 | D:13     | Killed Frances
 35621 | D:13     | Reached skill level 5 in Shields
 35713 | D:14     | Reached skill level 1 in Invocations
 36102 | D:14     | Found Solotuemn's Weapon Emporium.
 36155 | D:14     | Found Nujiump's Magic Scroll Emporium.
 36169 | D:14     | Bought a scroll of identify for 32 gold pieces
 36222 | D:14     | Reached skill level 10 in Unarmed Combat
 37437 | D:15     | Entered Level 15 of the Dungeon
 37858 | D:15     | Noticed a fire giant
 38083 | D:15     | Found a staircase to the Depths.
 38099 | D:15     | Killed a fire giant
 39279 | Elf:1    | Entered Level 1 of the Elven Halls
 39316 | Elf:1    | Reached skill level 5 in Invocations
 39468 | Elf:1    | Reached XP level 16. HP: 105/132 MP: 19/32
 39524 | Elf:1    | HP: 5/132 [dire flail of holy wrath (22)]
 39530 | Elf:1    | Slain by a dire flail of holy wrath

Vault maps used:
D:1:      zaba_arrival_water
D:2:      marbit_many_paths, first_bread
D:3:      lemuel_crystal_altar, ecumenical_altar_1, uniq_crazy_yiuf_cottage,
          uniq_terence
D:4:      elyvilon_altar_4, tgw_fedhas
D:5:      kennysheep_mini_moat, enter_ossuary_5, serial_park_tiny_pond
D:6:      serial_shops, shop, basic_altar, gup_sewer_entry_glass
D:7:      serial_shops, shop_fountains, minmay_misc_feat_diagonals
D:8:      nicolae_overflow_hidden_temple, grunt_pizzeria
D:9:      minmay_lair_entry_grove, serial_shops, kennysheep_little_box,
          grunt_pakellas_basics, uniq_grum, uniq_maurice
D:10:     serial_shops, kennysheep_mini, david_defended_altar_elf
D:11:     orc_0_dummy, serial_corexii_hall, corexii_hall_statues_i,
          corexii_hall_statues_t, corexii_hall_statues_s,
          corexii_hall_statues_deadend, corexii_hall_statues_u,
          corexii_hall_statues_x, minmay_misc_feat_tiny, minmay_misc_feat_roman
D:12:     serial_shops, freezing_bzr, nooodl_orcs_dogs
D:13:     david_vaults_3, serial_shops, shop, grunt_ministairs_2
D:14:     kennysheep_small_spiral, serial_shops, shop, shop_scrolls,
          special_room, uniq_frances
D:15:     grunt_enter_depths_giant_problem, kennysheep_four_rooms
Temple:   nicolae_temple_elliptical
Lair:1:   infiniplex_staircase_pool_2, uniq_urug
Lair:2:   lemuel_fruit_tree, infiniplex_staircase_pool, uniq_fannar
Lair:3:   guppyfry_snake_entry_island, uniq_harold, uniq_snorg, uniq_gastronok,
          uniq_maud, uniq_rupert
Lair:4:   swamp_mist_pool, lab_entry_generic, forest_entry_grove
Lair:5:   nicolae_slime_entry_slimehenge, grunt_megastairs_5,
          serial_bayou_shore_a, lemuel_fruit_fields
Lair:6:   minmay_lair_end_enchanted_forest, portal_ice_cave_entry_pillars_1
Orc:1:    serial_shops, shop_fountains, shop, shop, uniq_erica
Orc:2:    st_orc_mages, mines_bat_river
Elf:1:    eino_elf_arrival_the_gate, minmay_elf_necromancy, minmay_crystal_room,
          laboratory
Lab:      labyrinth_hidden_loot
Bazaar:   bazaar_jpeg_cross
Sewer:    sewer_minmay_treatment
Ossuary:  ossuary_kennysheep_city_of_the_dead
IceCv:    ice_cave_small_dragons

Skill      XL: |  1  2  3  4  5  6  7  8  9 10 11 12 13 14 15 |
---------------+----------------------------------------------+-----
Dodging        | 2 3 4 5 7 8 9 10 11 12 | 12.0
Stealth        | 2 3 4 5 6 7 |  7.2
Unarmed Combat | 1 2 3 4 5 6 7 8 9 10 | 10.6
Spellcasting   | 3 4 5 6 7 8 9 10 11 12 | 12.0
Fighting       | 1 2 3 4 5 6 7 8 9 |  9.2
Fire Magic     | 4 5 6 7 |  7.5
Conjurations   | 3 4 5 6 7 9 10 11 | 11.4
Air Magic      | 2 3 5 7 8 9 |  9.6
Poison Magic   | 2 4 |  4.1
Shields        | 3 5 |  5.0
Summonings     | 1 |  1.3
Invocations    | 5 |  5.1
Evocations     | |  0.6

Action                   |  1- 3 |  4- 6 |  7- 9 | 10-12 | 13-15 | 16-18 || total
-------------------------+-------+-------+-------+-------+-------+-------++-------
Melee: Unarmed           |    70 |    68 |   265 |   353 |  1049 |     4 ||  1809
       Tailslap          |     4 |     4 |    32 |    56 |   188 |     1 ||   285
       Punch             |       |       |     3 |    16 |    36 |       ||    55
       Mace              |       |       |    17 |       |       |       ||    17
 Cast: Flame Tongue      |    54 |   129 |   140 |    37 |    44 |       ||   404
       Conjure Flame     |     1 |     1 |    12 |     9 |    19 |       ||    42
       Mephitic Cloud    |       |       |     2 |   116 |   221 |     2 ||   341
       Sticky Flame      |       |       |       |    43 |   142 |     1 ||   186
       Static Discharge  |       |       |       |    13 |     5 |       ||    18
       Lightning Bolt    |       |       |       |     3 |    12 |       ||    15
       Airstrike         |       |       |       |       |     6 |       ||     6
       Repel Missiles    |       |       |       |       |     3 |     1 ||     4
       Summon Lightning  |       |       |       |       |    14 |     1 ||    15
       Conjure Ball Ligh |       |       |       |       |     8 |       ||     8
Invok: Recall Ancestor   |       |       |     9 |     7 |    19 |       ||    35
       Ancestor Life: Kn |       |       |     1 |       |       |       ||     1
 Abil: Breathe Lightning |       |       |     1 |     1 |     3 |       ||     5
Evoke: Wand              |       |       |       |       |     3 |       ||     3
  Use: Scroll            |     1 |       |       |    23 |    25 |       ||    49
       Potion            |       |       |       |     5 |     2 |     1 ||     8
 Stab: Sleeping          |     2 |     1 |     4 |     1 |     5 |       ||    13
       Distracted        |       |       |     1 |     2 |    11 |       ||    14
       Confused          |       |       |       |    11 |    54 |       ||    65
  Eat: Chunk             |     4 |    10 |    15 |    33 |    61 |       ||   123
       Fruit             |       |     3 |     2 |     3 |       |       ||     8
       Pizza             |       |       |     1 |     3 |       |       ||     4
       Bread ration      |       |       |       |       |     3 |       ||     3
       Royal jelly       |       |       |       |       |     1 |       ||     1
       Beef jerky        |       |       |       |       |     1 |       ||     1
Armor: Skin              |    40 |    34 |    85 |    87 |   260 |     4 ||   510
Dodge: Dodged            |    70 |    96 |   207 |   267 |   764 |     4 ||  1408
       Deflected         |       |       |       |       |    22 |     4 ||    26
Block: Buckler           |       |       |       |       |    57 |     4 ||    61
